 Dungeon Crawl Stone Soup version 0.29-a0-1027-gcd8c55af63 (webtiles) character file.

Game seed: 9178583047408798651

167 timneilson the Shield-Bearer (level 5, -2/33 HPs)
             Began as a Gargoyle Fighter on Aug 13, 2022.
             Slain by a gnoll
             ... wielding a +3 spear
              (7 damage)
             ... on level 3 of the Dungeon.
             The game lasted 00:05:37 (2748 turns).

timneilson the Shield-Bearer (Gargoyle Fighter)     Turns: 2748, Time: 00:05:38

Health: -2/33      AC: 11    Str: 21    XL:     5   Next: 48%
Magic:  5/5        EV:  9    Int:  9    God:
Gold:   160        SH:  5    Dex:  9    Spells: 4/4 levels left

rFire   . . .      SeeInvis .   a - +0 long sword
rCold   . . .      Faith    .   c - +1 buckler
rNeg    + + .      Spirit   .   b - +0 scale mail
rPois   ∞          Reflect  .   (no helmet)
rElec   +          Harm     .   (no cloak)
rCorr   .          Rampage  .   (no gloves)
Will    .....                   (no boots)
Stlth   ..........              (no amulet)
HPRegen 0.11/turn               l - ring of positive energy
MPRegen 0.09/turn               (no ring)

@: no status effects
A: sickness immunity, AC +4, negative energy resistance 1, electricity
resistance, torment resistance 1, petrification resistance
a: no special abilities


You were on level 3 of the Dungeon.
You visited 1 branch of the dungeon, and saw 3 of its levels.

You collected 160 gold pieces.

Inventory:

Hand Weapons
 a - a +0 long sword (weapon)
Armour
 b - a +0 scale mail (worn)
 c - a +1 buckler (worn)
 o - a +0 plate armour
Jewellery
 l - a ring of positive energy (left hand)
Scrolls
 f - a scroll of enchant armour
 k - 2 scrolls of teleportation
 p - a scroll of noise {unknown}
Potions
 e - 2 potions of attraction
 g - a potion of degeneration {unknown}
 h - a potion of magic {unknown}
 i - a potion of haste {unknown}
 j - a potion of ambrosia {unknown}
 m - 3 potions of curing {unknown}
 n - a potion of cancellation {unknown}
 q - a potion of flight {unknown}


   Skills:
 + Level 3.7 Fighting
 * Level 3.0 Long Blades
 * Level 4.3 Armour
 + Level 1.0 Dodging
 * Level 4.3 Shields


You had 4 spell levels left.
You didn't know any spells.
Your spell library was empty.

Dungeon Overview and Level Annotations

Branches:
Dungeon (3/15)

Altars:
Xom

Annotations:
D:3 2 transporters


Innate Abilities, Weirdness & Mutations

You are immune to sickness and miasma.
Your stone body is resilient. (AC +4)
You are immune to poison.
You resist negative energy. (rN+)
You are resistant to electric shocks. (rElec)
You are resistant to unholy torment.
You are immune to petrification.


Message History

A gnoll comes into view. It is wielding a +3 spear.
The gnoll hits you but does no damage.
You barely miss the gnoll.
The gnoll shouts!
The gnoll hits you but does no damage.
You closely miss the gnoll. The gnoll hits you but does no damage.
The gnoll barely misses you.
You hit the gnoll.
The gnoll is moderately wounded.
The gnoll hits you but does no damage. The gnoll hits you with a +0 club.
A gnoll comes into view. It is wielding a +0 spear.
The gnoll hits you with a +0 club.
The gnoll hits you from afar with a +0 spear.
The gnoll shouts!
You hit the gnoll.
The gnoll is severely wounded.
The gnoll hits you but does no damage. The gnoll barely misses you. x2
You are too injured to fight recklessly!
You are too injured to fight recklessly!
You are too injured to fight recklessly!
You are too injured to fight recklessly!
You are too injured to fight recklessly!
You are too injured to fight recklessly!
You are too injured to fight recklessly!
You are too injured to fight recklessly!
You are too injured to fight recklessly!
You hit the gnoll.
The gnoll is almost dead.
You block the gnoll's attack.
The gnoll hits you from afar with a +3 spear.
The gnoll hits you with a +0 club.
* * * LOW HITPOINT WARNING * * *
You closely miss the gnoll.
The gnoll is almost dead.
The gnoll hits you but does no damage. The gnoll barely misses you.
The gnoll hits you but does no damage.
You barely miss the gnoll.
The gnoll is almost dead.
The gnoll hits you from afar with a +3 spear!
You die...

.. .#.# # .# #.#. . ..#
##... ..# #...# ###..# #...#
.### ######....# #g..###.#
... .....)....# #gg.....# #
#.. #. ######.#### #g#.#.###
#.#..##. # #.# #@#
....###.#..#.. # #.#
#.###.#.##.....#.. # #.#
#.##.............. # #.#
#.##..#.##........ #
#.#########.................
#
#........(####..#.##..#.##..
## #########.#
#..#.##..#.##.# .# #.#
##..#.##.......# .# #.#
#..........##..#


You could see 4 gnolls.

Vanquished Creatures
  An ogre (D:3)
  4 adders
  3 dart slugs
  5 endoplasms
  2 giant cockroaches (D:2)
  4 goblins
  4 hobgoblins
  4 jackals (D:1)
  2 quokkas
  5 ball pythons
  A bat (D:3)
  3 frilled lizards
  10 kobolds
  2 rats (D:2)
50 creatures vanquished.

Notes
Turn   | Place    | Note
-------+----------+-------------------------------------------
     0 | D:1      | timneilson the Gargoyle Fighter began the quest for the
                  | Orb.
     0 | D:1      | Reached XP level 1. HP: 14/14 MP: 1/1
   416 | D:1      | Reached XP level 2. HP: 19/19 MP: 2/2
  1013 | D:2      | Reached XP level 3. HP: 18/23 MP: 3/3
  1604 | D:2      | Reached XP level 4. HP: 24/28 MP: 4/4
  2043 | D:3      | Found a transporter.
  2056 | D:3      | Found a transporter.
  2197 | D:3      | Noticed an ogre
  2207 | D:3      | Killed an ogre
  2208 | D:3      | Reached skill level 1 in Dodging
  2208 | D:3      | Reached XP level 5. HP: 13/33 MP: 5/5
  2336 | D:3      | Found a shimmering altar of Xom.
  2748 | D:3      | Slain by a gnoll

Illustrated notes

Levels and vault maps discovered:
D:1:      lightli_arrival_windingriver, layout_loops_ring
D:2:      layout_basic, minmay_quadrilaterals
D:3:      gammafunk_steamed_eel, layout_loops_ring,
          mainiacjoe_overflow_cross_hatched, portal_sewer_entry_e,
          nrook_mini_vaults, kennysheep_generic_room_7

Skill      XL: |  1  2  3  4 |
---------------+-------------+-----
Long Blades    | 2 3 |  3.0
Shields        | 4 |  4.3
Armour         | 4 |  4.3
Dodging        | 1 |  1.0
Fighting       | |  3.7

Action                   |  1- 3 |  4- 6 || total
-------------------------+-------+-------++-------
Melee: Long sword        |   139 |   100 ||   239
  Use: Scroll            |     5 |       ||     5
       Potion            |       |     1 ||     1
Armor: Scale mail        |    82 |    72 ||   154
Dodge: Dodged            |    79 |    57 ||   136
Block: Buckler           |    37 |    32 ||    69

Table legend: (Time is in decaauts)
 A = Elapsed time spent in this place.
 B = Non-inter-level travel time spent in this place.
 C = Inter-level travel time spent in this place.
 D = Time resting spent in this place.
 E = Time spent auto-exploring this place.
 F = Levels seen in this place.
 G = Mean time per level.
                   A        B        C        D        E       F      G
               +--------+--------+--------+--------+--------+-----+--------+
         Total |   2827 |   2695 |    132 |      0 |   1888 |   3 |  942.3 |
       Dungeon |   2827 |   2695 |    132 |      0 |   1888 |   3 |  942.3 |
               +--------+--------+--------+--------+--------+-----+--------+

Top non-repeatable levels by time:
     D:1: 1000 daAuts
     D:2: 968 daAuts
     D:3: 859 daAuts
